 Dungeon Crawl Stone Soup version 0.31.0-12-g77e489cdc1 (webtiles) character file.

Game seed: 693013926815004056

2820 Silvore the Basher (level 9, -1/78 HPs)
             Began as a Minotaur Fighter on Mar 5, 2024.
             Was a Believer of the Shining One.
             Constricted to death by Erica (3 damage)
             ... on level 8 of the Dungeon.
             The game lasted 00:08:10 (7101 turns).

Silvore the Basher (Minotaur Fighter)               Turns: 7101, Time: 00:08:12

Health: -1/78      AC: 12    Str: 24    XL:     9   Next: 45%
Magic:  8/8        EV:  6    Int:  5    God:    the Shining One [**....]
Gold:   77         SH: 10    Dex: 11    Spells: 8/8 levels left

rFire   . . .        e - +1 morningstar
rCold   . . .        i - +1 kite shield
rNeg    + . .        l - +0 chain mail
rPois   .            (helmet restricted)
rElec   .            (no cloak)
rCorr   .            g - +0 pair of gloves
SInv    .            (no boots)
Will    .....        q - amulet of the acrobat Stlth
                     (no ring)
HPRegen 0.33/turn    (no ring)
MPRegen 0.11/turn

%: acrobat
@: mighty, glowing, constricted
A: horns 2, retaliatory headbutt
a: Renounce Religion, Divine Shield


You were on level 8 of the Dungeon.
You worshipped the Shining One.
The Shining One was pleased with you.
You visited 2 branches of the dungeon, and saw 9 of its levels.
You also visited: Ossuary.

You collected 357 gold pieces.
You donated 280 gold pieces to Zin.

Inventory:

Hand Weapons
 a - a +0 flail
 e - a +1 morningstar (weapon)
Armour
 b - a +0 scale mail
 c - a +0 buckler
 g - a +0 pair of gloves (worn)
 i - a +1 kite shield (worn)
 l - a +0 chain mail (worn)
Jewellery
 q - an amulet of the acrobat (around neck)
Wands
 p - a wand of quicksilver (10)
Scrolls
 r - 4 scrolls of teleportation
 s - a scroll of poison
 t - a scroll of summoning {unknown}
 w - a scroll of silence
Potions
 d - 3 potions of might
 f - a potion of magic
 h - 3 potions of curing
 j - 2 potions of mutation
 k - a potion of berserk rage
 m - 3 potions of attraction
 n - 3 potions of degeneration {unknown}
 o - 2 potions of heal wounds
 v - a potion of resistance {unknown}
 x - a potion of brilliance {unknown}
 z - a potion of enlightenment {unknown}
 A - a potion of ambrosia {unknown}


   Skills:
 + Level 6.9 Fighting
 + Level 10.7 Maces & Flails
 + Level 7.6 Armour
 + Level 3.8 Dodging
 + Level 0.5 Stealth
 + Level 6.8 Shields
 + Level 0.5 Invocations


You had 8 spell levels left.
You didn't know any spells.
Your spell library contained the following spells:

 Spells                   Type           Power      Damage    Failure   Level
 Magic Dart               Conj           0%         1d3       99%         1
 Summon Small Mammal      Summ           0%         N/A       99%         1
 Searing Ray              Conj           0%         2d4       100%        2
 Call Canine Familiar     Summ           0%         N/A       100%        3
 Fulminant Prism          Conj/Alch      0%         3d5       100%        4
 Summon Blazeheart Golem  Fire/Summ      0%         N/A       100%        4


Dungeon Overview and Level Annotations

Branches:
Dungeon (8/15)             Temple (1/1) D:4         Ossuary (visited)
   Lair: D:8-11

Altars:
Ashenzari
Cheibriados
Dithmenos
Elyvilon
Fedhas
Gozag
Hepliaklqana
Kikubaaqudgha
Makhleb
Nemelex Xobeh
Okawaru
Qazlal
Ru
Sif Muna
Trog
Uskayaw
Vehumet
Wu Jian
Xom
Yredelemnul
Zin
The Shining One

Shops:
D:2 [   D:5 [

Annotations:
D:8 Erica


Innate Abilities, Weirdness & Mutations

You have a pair of horns on your head.
You reflexively headbutt those who attack you in melee.


Message History

Things that are here:
a +0 flail; a gnoll corpse You puncture Erica!
Your headbutt misses Erica.
Erica is lightly wounded.
You block the gnoll's attack.
Erica zaps a wand.
The bolt of dispelling energy hits you.
The gnoll sergeant hits you with a +3 trident of protection!
Erica hits you with a +4 scimitar of flaming.
Erica burns you. Erica grabs you. Erica constricts you.
The gnoll sergeant hits you with a +3 trident of protection!
The gnoll barely misses you. You furiously retaliate!
You headbutt the gnoll, but do no damage.
You puncture the gnoll!
You kill the gnoll!
The gnoll sergeant hits you with a +3 trident of protection.
Erica hits you with a +4 scimitar of flaming!
* * * LOW HITPOINT WARNING * * *
Erica burns you.
* * * LOW HITPOINT WARNING * * *
Erica constricts you.
* * * LOW HITPOINT WARNING * * *
You feel much better. You block Erica's attack. Erica constricts you.
The gnoll sergeant barely misses you.
You feel very mighty all of a sudden. You block the gnoll sergeant's attack.
Erica barely misses you. Erica constricts you.
You hit the gnoll sergeant. You headbutt the gnoll sergeant!!
The gnoll sergeant is severely wounded.
Erica zaps a wand.
The bolt of dispelling energy misses you.
Erica constricts you. You block the gnoll sergeant's attack.
You hit the gnoll sergeant.
You kill the gnoll sergeant!
Erica hits you with a +4 scimitar of flaming!!
* * * LOW HITPOINT WARNING * * *
Erica burns you.
* * * LOW HITPOINT WARNING * * *
Erica constricts you.
You die...
Erica begins burbling mirthfully and uncontrollably.

##.....##
#.#.......##
#.....>....#
#......./..#
#.........#
##.........#
...........#
#....x))..#
#.....@...#
#....))...#
#....[<...#
#.........#
##.......##
##.....##
#######


You could see Erica (invisible).

Vanquished Creatures
  A wyvern (D:5)
  A steam dragon (D:7)
  Edmund (D:5)
  2 water moccasins
  2 sky beasts
  An ogre (D:5)
  2 phantoms
  2 kobold brigands (D:6)
  Blork the orc (D:5)
  A bullfrog (D:6)
  A gnoll sergeant (D:8)
  2 scorpions
  3 wights (D:6)
  A bombardier beetle (D:5)
  A howler monkey (D:5)
  4 bullfrog zombies (Ossuary)
  5 hounds
  2 jellies
  Jessica (D:2)
  2 iguanas (D:5)
  Natasha (thrice) (D:3)
  3 orc wizards
  A killer bee zombie (Ossuary)
  3 crocodile zombies (Ossuary)
  8 hound zombies (Ossuary)
  5 mummies (Ossuary)
  6 howler monkey zombies (Ossuary)
  Robin (D:3)
  4 gnolls
  5 adders
  2 shadow imps
  3 white imps
  3 dart slugs (D:2)
  9 orcs
  6 ball pythons
  7 endoplasms
  5 giant cockroaches
  17 goblins
  10 hobgoblins
  2 quokkas
  3 ball python zombies (Ossuary)
  4 bats
  3 frilled lizards
  17 kobolds
  8 rats
  2 rat zombies (D:7)
176 creatures vanquished.

Vanquished Creatures (others)
  A gnoll (D:8)
  A goblin (D:3)
2 creatures vanquished.

Grand Total: 178 creatures vanquished

Notes
Turn   | Place    | Note
-------+----------+-------------------------------------------
     0 | D:1      | Silvore the Minotaur Fighter began the quest for the Orb.
     0 | D:1      | Reached XP level 1. HP: 19/19 MP: 0/0
   137 | D:1      | Found a faded altar of an unknown god.
   308 | D:1      | Reached XP level 2. HP: 26/27 MP: 1/1
   720 | D:2      | Noticed Jessica
   727 | D:2      | Killed Jessica
   728 | D:2      | Reached XP level 3. HP: 33/33 MP: 2/2
   783 | D:2      | Reached skill level 3 in Maces & Flails
   963 | D:2      | Found Sexer's Armour Emporium.
  1024 | D:2      | Reached XP level 4. HP: 40/40 MP: 3/3
  1928 | D:3      | Noticed Robin
  1948 | D:3      | Killed Robin
  1958 | D:3      | Reached skill level 1 in Dodging
  2279 | D:3      | Noticed Natasha
  2282 | D:3      | Killed Natasha
  2283 | D:3      | Reached skill level 4 in Maces & Flails
  2283 | D:3      | Reached XP level 5. HP: 37/46 MP: 4/4
  2928 | D:3      | Noticed Natasha
  2937 | D:3      | Killed Natasha
  3244 | D:3      | Noticed Natasha
  3253 | D:3      | Killed Natasha
  3358 | D:4      | Found a staircase to the Ecumenical Temple.
  3388 | Temple   | Entered the Ecumenical Temple
  3402 | Temple   | Became a worshipper of Elyvilon the Healer
  3788 | D:5      | Entered Level 5 of the Dungeon
  3803 | D:5      | Reached skill level 5 in Armour
  3805 | D:5      | Reached XP level 6. HP: 50/53 MP: 5/5
  3815 | D:5      | Reached * piety under Elyvilon
  3826 | D:5      | Found a glowing silver altar of Zin.
  3828 | D:5      | Found Joiloot's Antique Armour Shop.
  3833 | D:5      | Fell from the grace of Elyvilon
  3833 | D:5      | Became a worshipper of Zin the Law-Giver
  3833 | D:5      | Reached * piety under Zin
  3834 | D:5      | Donated 95 gold pieces to Zin
  3856 | D:5      | Noticed a water moccasin
  3856 | D:5      | Noticed Blork the orc
  3870 | D:5      | Killed a water moccasin
  3871 | D:5      | Reached skill level 5 in Maces & Flails
  3877 | D:5      | Killed Blork the orc
  4070 | D:5      | Reached skill level 6 in Maces & Flails
  4070 | D:5      | Reached skill level 5 in Shields
  4070 | D:5      | Reached XP level 7. HP: 56/60 MP: 6/6
  4134 | D:5      | Noticed Edmund
  4149 | D:5      | Killed Edmund
  4150 | D:5      | Reached skill level 5 in Fighting
  4388 | D:5      | Noticed a wyvern
  4398 | D:5      | Killed a wyvern
  4399 | D:5      | Reached skill level 7 in Maces & Flails
  4399 | D:5      | Reached XP level 8. HP: 37/69 MP: 7/7
  4596 | D:5      | Found a glowing golden altar of the Shining One.
  4665 | D:5      | Reached ** piety under Zin
  4792 | D:5      | Donated 85 gold pieces to Zin
  5013 | D:6      | Reached skill level 8 in Maces & Flails
  5340 | D:6      | Reached skill level 9 in Maces & Flails
  5471 | D:6      | Found an iron altar of Okawaru.
  5671 | D:7      | Found an opulent altar of Gozag.
  5690 | D:7      | Reached *** piety under Zin
  5700 | D:7      | Reached XP level 9. HP: 73/75 MP: 8/8
  5732 | D:7      | Found a sand-covered staircase.
  5746 | Ossuary  | Entered an ossuary
  6025 | Ossuary  | Reached skill level 10 in Maces & Flails
  6083 | Ossuary  | Reached **** piety under Zin
  6231 | Ossuary  | Donated 65 gold pieces to Zin
  6459 | D:7      | Found a sacrificial altar of Ru.
  6839 | D:5      | Fell from the grace of Zin
  6839 | D:5      | Became a worshipper of the Shining One
  6839 | D:5      | Reached * piety under the Shining One
  6839 | D:5      | Reached ** piety under the Shining One
  6981 | D:8      | Noticed Erica
  7101 | D:8      | HP: 2/78 [Erica/+4 scimitar of flaming (5)]
  7101 | D:8      | Constricted to death by Erica

Illustrated notes

Levels and vault maps discovered:
D:1:      lemuel_arrival_room, layout_basic, shapermc_ecumenical_altar_acropolis
D:2:      layout_basic, serial_shops, nicolae_shop_rolling_square,
          minmay_mini_jars, uniq_jessica
D:3:      layout_basic, amcnicky_mini_rare_corridor_liquid, uniq_robin,
          uniq_natasha
D:4:      layout_loops_cross, temple_pool_b, chequers_serial_rivers_marsh
D:5:      layout_basic, mainiacjoe_overflow_catch_the_wave, serial_shops,
          nicolae_shop_waterfront, uniq_edmund, uniq_blork_the_orc
D:6:      layout_basic, okawaru_metal_pillars_3
D:7:      layout_cave_pools, nicolae_gozag_seed_capital,
          nicolae_ru_great_annihilating_truth, enter_ossuary_4
D:8:      layout_rooms, uniq_erica
Temple:   nicolae_temple_bog_church

Skill      XL: |  1  2  3  4  5  6  7  8  9 |
---------------+----------------------------+-----
Shields        | 4 5 6 |  6.8
Fighting       | 4 5 6 |  6.9
Armour         | 4 5 6 7 |  7.6
Maces & Flails | 3 4 6 7 9 10 | 10.7
Dodging        | 1 2 3 |  3.8
Stealth        | |  0.5
Invocations    | |  0.5

Action                     |  1- 3 |  4- 6 |  7- 9 || total
---------------------------+-------+-------+-------++-------
  Melee: Flail             |    42 |       |       ||    42
         Headbutt          |     9 |    11 |    50 ||    70
         Morningstar       |    11 |   141 |   263 ||   415
 Invoke: Donate Gold       |       |     1 |     2 ||     3
         Recite            |       |       |     2 ||     2
    Use: Scroll            |     1 |     7 |     8 ||    16
         Potion            |       |     2 |     2 ||     4
   Stab: Paralysed         |       |       |     1 ||     1
 Armour: Scale mail        |    42 |    92 |       ||   134
         Chain mail        |       |    44 |   171 ||   215
  Dodge: Dodged            |    31 |    66 |   106 ||   203
  Block: Buckler           |    11 |    11 |       ||    22
         Kite shield       |       |    32 |   120 ||   152
